 Dungeon Crawl Stone Soup version 0.30.1-4-g462c640d31 (webtiles) character file.

Game seed: 1336463124915025779

84 LordJstr the Slasher (level 4, 36/38 HPs)
             Began as a Minotaur Gladiator on Sept 13, 2023.
             Quit the game on level 3 of the Dungeon.
             The game lasted 00:20:20 (1723 turns).

LordJstr the Slasher (Minotaur Gladiator)           Turns: 1723, Time: 00:20:20

Health: 36/38      AC:  5    Str: 21    XL:     4   Next: 23%
Magic:  3/3        EV: 12    Int:  5    God:
Gold:   147        SH:  0    Dex: 11    Spells: 3/3 levels left

rFire   . . .        a - +0 long sword {Jester's Blade}
rCold   . . .        (no shield)
rNeg    . . .        l - +0 ring mail
rPois   +            (helmet restricted)
rElec   .            (no cloak)
rCorr   .            (no gloves)
SInv    .            (no boots)
Will    .....        (no amulet)
Stlth   +            E - ring of poison resistance
HPRegen 0.26/turn    (no ring)
MPRegen 0.08/turn

%: no passive effects
@: no status effects
A: horns 2, retaliatory headbutt, poison resistance, MP-powered wands
a: no special abilities


You were on level 3 of the Dungeon.
You visited 1 branch of the dungeon, and saw 3 of its levels.

You collected 147 gold pieces.

Inventory:

Hand Weapons
 a - a +0 long sword (weapon) {Jester's Blade}
 f - a +0 short sword
 h - a +0 club
 i - a +0 short sword
 o - a +0 whip
 q - a +0 dagger
 u - a +0 club
 z - a +0 flail
 A - a +0 dagger
 C - a +0 sling
 D - a +0 dagger
 F - a +0 club
 G - a +0 club
 H - a +0 club
 I - a +0 dagger
Missiles
 d - 2 throwing nets (quivered)
 e - a javelin
 g - 21 stones
 y - 8 poisoned darts
Armour
 b - a +0 leather armour
 c - a +0 hat
 l - a +0 ring mail (worn)
 r - a +0 leather armour
 v - a +0 ring mail
 x - a +0 robe
Jewellery
 m - an amulet of regeneration
 E - a ring of poison resistance (left hand)
Scrolls
 j - a scroll of blinking {unknown}
 k - a scroll of enchant armour {unknown}
 p - a scroll of vulnerability {unknown}
 s - a scroll of teleportation {unknown}
 K - a scroll of fear {unknown}
Potions
 n - 2 potions of ambrosia
 t - 2 potions of flight {unknown}
 w - 2 potions of brilliance {unknown}
 B - a potion of curing {unknown}
 J - a potion of degeneration {unknown}


   Skills:
 + Level 3.1 Fighting
 + Level 4.6 Long Blades
 + Level 2.7 Throwing
 + Level 4.0 Dodging


You had 3 spell levels left.
You didn't know any spells.
Your spell library contained the following spells:

 Spells                   Type           Power      Damage    Failure   Level
 Freeze                   Ice            0%         1d3       65%         1
 Frozen Ramparts          Ice            0%         1d1       95%         3
 Hailstorm                Conj/Ice       0%         3d3       95%         3
 Animate Dead             Necr           0%         N/A       100%        4
 Haunt                    Necr/Summ      0%         N/A       100%        7
 Infestation              Necr           0%         N/A       100%        8


Dungeon Overview and Level Annotations

Branches:
Dungeon (3/15)

Altars:


Innate Abilities, Weirdness & Mutations

You have a pair of horns on your head.
You reflexively headbutt those who attack you in melee.
Your system is resistant to poisons. (rPois)
You expend magic power (3 MP) to strengthen your wands.


Message History

Found a clear potion and 13 gold pieces.
There is an open door here.
The rat bites you but does no damage.
You closely miss the rat. Your headbutt misses the rat.
The rat bites you but does no damage.
You slash the rat!
You kill the rat!
A hobgoblin comes into view.
The hobgoblin shouts!
The hobgoblin closely misses you.
You see here a clear potion.
You slash the hobgoblin!
You kill the hobgoblin!
You now have 147 gold pieces (gained 13).
t - 2 clear potions (gained 1)
You open the door.
There is an open door here.
You open the door.
There is an open door here.
You open the door.
A ball python comes into view.
The ball python hisses angrily.
There is an open door here.
The ball python barely misses you. The ball python grabs you.
The ball python constricts you.
You barely miss the ball python.
You headbutt the ball python, but do no damage.
The ball python bites you but does no damage.
The ball python constricts you.
You barely miss the ball python. The ball python bites you.
The ball python constricts you.
You barely miss the ball python. The ball python barely misses you.
You furiously retaliate!
You headbutt the ball python!
You kill the ball python!
Unknown command.
Unknown command.
Saving game... please wait.
Welcome back, LordJstr the Minotaur Gladiator.
Press ? for a list of commands and other information.
Are you sure you want to abandon this character and quit the game? (Confirm with "yes".)

####.........##.#....
#..'.........'.......
####.........##......
##.......## #....
##.....## .## ##...##
##'## #.# #@# #.# ...
..... ##...## ##.##
... .##


There were no monsters in sight!

Vanquished Creatures
  A gnoll (D:2)
  An adder (D:2)
  3 worms (D:2)
  2 dart slugs (D:1)
  5 ball pythons
  5 endoplasms
  2 giant cockroaches (D:2)
  6 hobgoblins
  3 jackals (D:2)
  A quokka (D:1)
  6 bats
  6 goblins
  4 kobolds
  4 rats
49 creatures vanquished.

Notes
Turn   | Place    | Note
-------+----------+-------------------------------------------
     0 | D:1      | LordJstr the Minotaur Gladiator began the quest for the
                  | Orb.
     0 | D:1      | Reached XP level 1. HP: 18/18 MP: 0/0
   131 | D:1      | Reached XP level 2. HP: 25/25 MP: 1/1
   722 | D:2      | Reached XP level 3. HP: 30/30 MP: 2/2
  1149 | D:2      | Reached XP level 4. HP: 33/38 MP: 3/3
  1221 | D:2      | Found a faded altar of an unknown god.
  1589 | D:3      | Gained mutation: You expend magic power (3 MP) to
                  | strengthen your wands. [potion of mutation]
  1589 | D:3      | Gained mutation: Your system is resistant to poisons.
                  | (rPois) [potion of mutation]
  1723 | D:3      | Quit the game

Illustrated notes

Levels and vault maps discovered:
D:1:      beargit_arrival_greenhouse, layout_loops_ring
D:2:      kennysheep_six_static_rooms, layout_basic,
          dilly_ecumenical_altar_fadedgnrine
D:3:      layout_loops_corners, amcnicky_altar_gilded,
          lemuel_zombie_altar_yredelemnul

Skill      XL: |  1  2  3 |
---------------+----------+-----
Long Blades    | 4 |  4.6
Fighting       | 3 |  3.1
Dodging        | 4 |  4.0
Throwing       | |  2.7

Action                     |  1- 3 |  4- 6 || total
---------------------------+-------+-------++-------
  Melee: Long sword        |    62 |     6 ||    68
         Headbutt          |    10 |     3 ||    13
         Dagger            |    14 |       ||    14
         Flail             |    12 |    10 ||    22
         Punch             |       |     1 ||     1
  Throw: Throwing net      |     1 |     2 ||     3
    Use: Scroll            |     4 |       ||     4
         Potion            |     2 |     1 ||     3
 Armour: Leather armour    |    14 |       ||    14
         Ring mail         |    21 |     5 ||    26
  Dodge: Dodged            |    59 |    13 ||    72
